 Dungeon Crawl Stone Soup version 0.21-a0-396-ga924934 (webtiles) character file.

1722 Mitsuki the Conjurer (level 8, -5/46 HPs)
             Began as a Demonspawn Wizard on Oct 19, 2017.
             Was a Follower of Vehumet.
             Slain by an orc warrior
             ... wielding a +0 halberd
              (13 damage)
             ... on level 7 of the Dungeon.
             The game lasted 00:24:06 (8695 turns).

Mitsuki the Conjurer (Demonspawn Wizard)            Turns: 8695, Time: 00:24:07

Health: -5/46      AC:  9    Str: 10    XL:     8   Next: 75%
Magic:  7/33       EV: 12    Int: 22    God:    Vehumet [*.....]
Gold:   244        SH:  0    Dex: 11    Spells: 11/20 levels left

rFire    + . .     SeeInvis .   v - staff of power
rCold    + . .     Gourm    .   (no shield)
rNeg     . . .     Faith    .   a - +0 robe
rPois    .         Spirit   .   h - +1 helmet
rElec    .         Reflect  .   g - +0 cloak
rCorr    .         Harm     .   (gloves unavailable)
MR       .....                  (boots unavailable)
Stlth    ++........             (no amulet)
HPRegen  0.15/turn              p - +4 ring of protection
MPRegen  0.23/turn              x - ring of protection from cold

@: no status effects
A: claws 3, talons 3, demonic guardian 1, fire resistance 1, frail 1, strong 1,
MP-powered wands
a: Renounce Religion


You were on level 7 of the Dungeon.
You worshipped Vehumet.
Vehumet was aware of your devotion.
You were hungry.

You visited 2 branches of the dungeon, and saw 8 of its levels.

You collected 244 gold pieces.

Inventory:

Hand Weapons
 r - a +1 whip
Armour
 a - a +0 robe (worn)
 g - a +0 cloak (worn)
 h - a +1 helmet (worn)
Magical Staves
 v - an uncursed staff of power (weapon)
Jewellery
 p - a +4 ring of protection (left claw)
 x - a ring of protection from cold (right claw)
 y - an uncursed amulet of rage
 B - an uncursed ring of flight {unknown}
Wands
 F - a wand of random effects (33/48)
 H - a wand of disintegration (18/24)
Scrolls
 b - 3 scrolls of teleportation
 e - 2 scrolls of enchant weapon
 j - a scroll of immolation
 k - a scroll of identify
 o - a scroll of recharging {unknown}
 q - a scroll of enchant armour
 u - 6 scrolls of blinking
 C - a scroll of fog
 E - a scroll of amnesia {unknown}
Potions
 i - a potion of agility {unknown}
 m - a potion of magic {unknown}
 n - 2 potions of curing
 s - a potion of flight {unknown}
 w - a potion of might
 z - 5 potions of lignification
 A - a potion of heal wounds
 D - a potion of cancellation
Books
 c - a book of Minor Magic

   Spells                             Type                      Level
   a - Magic Dart                     Conjuration                  1
   b - Blink                          Translocation                2
   c - Call Imp                       Summoning                    2
   d - Slow                           Hexes                        2
   e - Conjure Flame                  Conjuration/Fire             3
   f - Mephitic Cloud                 Conjuration/Poison/Air       3
Comestibles
 d - 7 bread rations
 f - 4 fruits
 l - 2 royal jellies
 t - 2 meat rations
 G - 4 chunks of flesh
 I - 5 mutagenic chunks of flesh


   Skills:
 - Level 1.7 Dodging
 - Level 1.7 Stealth
 + Level 6.8 Spellcasting
 + Level 7.2 Conjurations
   Level 1.0 Summonings
 - Level 0.8 Translocations
 + Level 4.8 Fire Magic


You had 11 spell levels left.
You knew the following spells:

 Your Spells              Type           Power        Failure   Level  Hunger
a - Magic Dart            Conj           ####         1%          1    None
b - Mephitic Cloud        Conj/Pois/Air  ###.....     10%         3    None
c - Conjure Flame         Conj/Fire      ####....     1%          3    None
d - Blink                 Tloc           N/A          9%          2    None


Dungeon Overview and Level Annotations

Branches:
Dungeon (7/15)             Temple (1/1) D:4

Altars:
Cheibriados
Fedhas
Hepliaklqana
Kikubaaqudgha
Makhleb
Nemelex Xobeh
Ru
Sif Muna
Trog
Uskayaw
Vehumet
Xom
Yredelemnul
The Shining One

Annotations:
D:6 1 runed door, exclusion: door


Innate Abilities, Weirdness & Mutations

You have claws for hands.
You have claws for feet.
A weak demonic guardian rushes to your aid.
Your flesh is heat resistant. (rF+)
You are frail. (-10% HP)
Your muscles are strong. (Str +2)
You expend magic power (3 MP) to strengthen your wands.


Message History

Vehumet accepts your kill.
The orc warrior hits your ufetubus but does no damage.
Your ufetubus completely misses the orc warrior.
Your ufetubus hits the orc warrior but does no damage.
Your ufetubus hits the orc warrior but does no damage. x2
The orc warrior misses your ufetubus.
Your ufetubus hits the orc warrior but does no damage.
Your ufetubus hits the orc warrior.
Your ufetubus hits the orc warrior but does no damage.
Your ufetubus closely misses the orc warrior.
The orc warrior hits your ufetubus with a halberd!!
Your ufetubus dies!
A crimson imp comes into view.
Your magical contamination has completely faded away.
Your white imp closely misses the orc warrior.
A centaur comes into view.
The orc warrior closely misses you.
Your white imp completely misses the orc warrior.
The orc warrior hits you from afar with a halberd!
You die...

..#######...#....+
+. ..#....
######...# #. #....
#(..##...# ## #....
#.......)# ..
#....##........# ..
.#.#.#.#.#........##
..
5..................#
..
.#.#.#.#5#.........+
..
........o.@.......#
..
#.#.#.#.#........##
..
.........>..###### .
#.#.#.#.#...#
..............+
.#.#.#.#.#....#
.....c...+#### #.#.#
#.# #########+##
.... ...
#...........


You could see an orc warrior, a centaur (sleeping) and a friendly white imp.

Vanquished Creatures
  An ice beast (D:7)
  2 sky beasts (D:5)
  A centaur (D:6)
  2 bullfrogs
  A scorpion (D:4)
  A wight (D:4)
  A crimson imp (D:7)
  A bullfrog zombie (D:6)
  4 orc priests
  2 hounds
  2 jellies
  3 orc wizards (D:6)
  2 centaur skeletons
  5 worker ants
  A hound skeleton (D:6)
  A worker ant zombie (D:7)
  7 adders
  A shadow imp (D:6)
  4 worms
  4 dart slugs
  3 leopard geckos
  9 orcs
  5 giant cockroaches
  6 goblins
  4 hobgoblins
  An iguana (D:4)
  2 jackals (D:1)
  3 quokkas
  2 ball pythons (D:1)
  8 bats
  8 frilled lizards
  9 kobolds
  4 rats
110 creatures vanquished.

Vanquished Creatures (collateral kills)
  A sky beast (D:7)
  An ice beast (D:6)
  A bullfrog (D:6)
  A water moccasin zombie (D:6)
  2 scorpions
  4 wights (D:4)
  A jelly (D:4)
  An orc wizard (D:7)
  An orc (D:7)
13 creatures vanquished.

Grand Total: 123 creatures vanquished

Notes
Turn   | Place    | Note
-------+----------+-------------------------------------------
     0 | D:1      | Mitsuki the Demonspawn Wizard began the quest for the Orb.
     0 | D:1      | Reached XP level 1. HP: 13/13 MP: 4/4
   380 | D:1      | Gained mutation: You have sharp fingernails. [demonic ancestry]
   380 | D:1      | Reached XP level 2. HP: 19/19 MP: 1/6
   753 | D:1      | Reached skill level 2 in Conjurations
  1113 | D:1      | Reached XP level 3. HP: 23/24 MP: 5/8
  1445 | D:1      | Learned a level 2 spell: Blink
  1449 | D:1      | Learned a level 3 spell: Conjure Flame
  1453 | D:1      | Learned a level 3 spell: Mephitic Cloud
  1796 | D:2      | Reached skill level 3 in Conjurations
  1796 | D:2      | Gained mutation: You have sharp toenails. [demonic ancestry]
  1796 | D:2      | Reached XP level 4. HP: 4/30 MP: 2/10
  3192 | D:3      | Gained mutation: A weak demonic guardian rushes to your aid. [demonic ancestry]
  3192 | D:3      | Reached XP level 5. HP: 35/35 MP: 4/11
  3984 | D:4      | Reached skill level 4 in Conjurations
  4080 | D:4      | Found a shimmering altar of Xom.
  4333 | D:4      | Found a staircase to the Ecumenical Temple.
  4741 | Temple   | Entered the Ecumenical Temple
  4928 | Temple   | Became a worshipper of Vehumet
  4968 | D:4      | Gained mutation: You have very sharp fingernails. [demonic ancestry]
  4968 | D:4      | Reached XP level 6. HP: 36/41 MP: 12/12
  5011 | D:4      | Reached skill level 1 in Fire Magic
  5464 | D:4      | Reached skill level 5 in Conjurations
  5665 | D:4      | Reached skill level 5 in Spellcasting
  5721 | D:4      | Gained mutation: You have claws for hands. [demonic ancestry]
  5721 | D:4      | Reached XP level 7. HP: 34/46 MP: 14/14
  5897 | D:5      | Entered Level 5 of the Dungeon
  6290 | D:5      | Gained mutation: You expend magic power (3 MP) to strengthen your wands. [mutagenic meat]
  6291 | D:5      | Gained mutation: You have razor-sharp toenails. [mutagenic meat]
  6292 | D:5      | Gained mutation: Your muscles are strong. (Str +2) [mutagenic meat]
  6293 | D:5      | Gained mutation: Your magical capacity is low. (-10% MP) [mutagenic meat]
  6294 | D:5      | Gained mutation: Your flesh is heat resistant. (rF+) [mutagenic meat]
  6601 | D:5      | Gained mutation: You have claws for feet. [mutagenic meat]
  6604 | D:5      | Lost mutation: Your magical capacity is low. (-10% MP) [mutagenic meat]
  6606 | D:5      | Gained mutation: You are frail. (-10% HP) [mutagenic meat]
  6684 | D:5      | Found a sacrificial altar of Ru.
  6684 | D:5      | Found a snail-covered altar of Cheibriados.
  6870 | D:6      | Found a bloodstained altar of Trog.
  6949 | D:6      | Reached skill level 6 in Conjurations
  7063 | D:6      | Reached * piety under Vehumet
  7063 | D:6      | Offered knowledge of Freeze by Vehumet.
  7090 | D:6      | Reached XP level 8. HP: 15/46 MP: 7/16
  7378 | D:6      | Found a runed door.
  7387 | D:6      | Found a runed door.
  7920 | D:6      | HP: 2/46 [centaur/arrow (6)]
  8594 | D:7      | Reached skill level 7 in Conjurations
  8695 | D:7      | Slain by an orc warrior

Vault maps used:
D:1:      nagdon_arrival_zigzag_paths, st_stairs_13, grunt_decor_mini_mirrors
D:2:      cheibrodos_helix_gallery
D:3:      hex_medium
D:4:      minmay_temple_entry_glass, dk_xom_monty_hall
D:5:      gammafunk_temple_overflow_statue, first_bread, serial_park,
          serial_park_tiny_1, serial_park_square2, serial_park_gazebo,
          serial_park_paths, serial_park_square1, serial_bayou_pond_e
D:6:      lemuel_insect_pit, kennysheep_mini_moat
D:7:      lemuel_coloured_pillars_altar, st_stairs_11
Temple:   minmay_temple_curvy_branch

Skill      XL: |  1  2  3  4  5  6  7  8 |
---------------+-------------------------+-----
Conjurations   | 2 3 4 5 6 7 |  7.2
Spellcasting   | 4 5 6 |  6.8
Fire Magic     | 2 3 4 |  4.8
Dodging        | |  1.7
Stealth        | |  1.7
Summonings     | |  1.0
Translocations | |  0.8

Action                   |  1- 3 |  4- 6 |  7- 9 || total
-------------------------+-------+-------+-------++-------
Melee: Whip              |    25 |    20 |       ||    45
       Kick              |       |     6 |     3 ||     9
       Staff             |       |     8 |    14 ||    22
 Cast: Magic Dart        |    70 |   159 |   175 ||   404
       Conjure Flame     |       |    12 |     4 ||    16
       Blink             |       |     2 |     2 ||     4
       Mephitic Cloud    |       |     3 |    11 ||    14
  Use: Scroll            |       |     9 |     3 ||    12
       Potion            |       |       |     2 ||     2
 Stab: Confused          |       |     1 |       ||     1
  Eat: Chunk             |     3 |     7 |    16 ||    26
       Meat ration       |       |     1 |     1 ||     2
Armor: Robe              |     5 |    14 |    29 ||    48
Dodge: Dodged            |    25 |    33 |    24 ||    82

Table legend:
 A = Spawn XP
 B = Non-spawn XP
 C = Spawn XP percentage of total XP
 D = Spawn monster count
 E = Non-spawn monster count
 F = Spawn count percentage of total count
 G = Total turns spent on level
                    A         B        C        D         E        F      G
               +---------+---------+-------+---------+---------+-------+---------
         Total |       0 |    2461 |   0.0 |       0 |     123 |   0.0 |  8695
               +---------+---------+-------+---------+---------+-------+---------
           D:1 |       0 |      41 |   0.0 |       0 |      22 |   0.0 |  1557
           D:2 |       0 |     136 |   0.0 |       0 |      23 |   0.0 |  1508
           D:3 |       0 |      76 |   0.0 |       0 |      18 |   0.0 |  1185
           D:4 |       0 |     572 |   0.0 |       0 |      21 |   0.0 |  1437
           D:5 |       0 |     409 |   0.0 |       0 |       6 |   0.0 |   957
           D:6 |       0 |     719 |   0.0 |       0 |      22 |   0.0 |  1472
           D:7 |       0 |     508 |   0.0 |       0 |      11 |   0.0 |   369
               +---------+---------+-------+---------+---------+-------+---------
